 Dungeon Crawl Stone Soup version 0.27-a0-1147-gb3d8e82157 (webtiles) character file.

Game seed: 10181692755027972600

51 st0uf the Sneak (level 3, 0/20 HPs)
             Began as a Gargoyle Enchanter on May 11, 2021.
             Slain by a jackal (2 damage)
             ... on level 3 of the Dungeon.
             The game lasted 00:07:20 (3822 turns).

st0uf the Sneak (Gargoyle Enchanter)                Turns: 3822, Time: 00:07:20

Health: 0/20       AC:  5    Str: 12    XL:     3   Next: 83%
Magic:  6/6        EV: 11    Int: 15    God:
Gold:   115        SH:  0    Dex: 10    Spells: 5/6 levels left

rFire    . . .     SeeInvis .   g - staff of earth
rCold    . . .     Faith    .   (no shield)
rNeg     + . .     Spirit   .   b - +0 robe
rPois    ∞         Reflect  .   (no helmet)
rElec    +         Harm     .   (no cloak)
rCorr    +         Rampage  .   (no gloves)
Will     .....                  (no boots)
Stlth    ++........             (no amulet)
HPRegen  0.06/turn              e - ring of resist corrosion
MPRegen  0.10/turn              (no ring)

@: no status effects
A: sickness immunity, AC +3, negative energy resistance 1, electricity
resistance, torment resistance 1, petrification resistance
a: no special abilities


You were on level 3 of the Dungeon.
You visited 1 branch of the dungeon, and saw 3 of its levels.

You collected 115 gold pieces.

Inventory:

Hand Weapons
 a - a +1 dagger
Armour
 b - a +0 robe (worn)
Magical Staves
 g - a staff of earth (weapon)
 k - a staff of conjuration
Jewellery
 e - a ring of resist corrosion (left hand)
Scrolls
 c - a scroll of immolation {unknown}
 d - a scroll of magic mapping {unknown}
 f - 4 scrolls of identify {unknown}
 i - 2 scrolls of vulnerability {unknown}
 j - a scroll of fear {unknown}
 l - a scroll of blinking {unknown}
 m - a scroll of summoning {unknown}
 n - 4 scrolls of teleportation {unknown}
 p - 2 scrolls of amnesia {unknown}
Potions
 h - a potion of invisibility {unknown}
 o - a potion of mutation {unknown}


   Skills:
 * Level 1.0 Fighting
 - Level 0.8 Short Blades
 * Level 1.3 Staves
 - Level 1.5 Dodging
 + Level 3.6 Stealth
 + Level 2.2 Spellcasting
 + Level 2.9 Hexes
 * Level 1.6 Earth Magic
 * Level 0.3 Evocations


You had 5 spell levels left.
You knew the following spells:

 Your Spells              Type           Power      Damage    Failure   Level
a - Corona                Hex            11%        N/A       6%          1

Your spell library contained the following spells:

 Spells                   Type           Power      Damage    Failure   Level
 Ensorcelled Hibernation  Hex/Ice        12%        N/A       19%         2
 Confusing Touch          Hex            10%        N/A       19%         3
 Tukima's Dance           Hex            10%        N/A       19%         3
 Dazzling Flash           Conj/Hex       12%        N/A       34%         3


Dungeon Overview and Level Annotations

Branches:
Dungeon (3/15)

Altars:

Shops:
D:2 (


Innate Abilities, Weirdness & Mutations

You are immune to sickness and miasma.
Your stone body is resilient. (AC +3)
You are immune to poison.
You resist negative energy. (rN+)
You are resistant to electric shocks. (rElec)
You are resistant to unholy torment.
You are immune to petrification.


Message History

You hit the jackal but do no damage.
The jackal is severely wounded.
The jackal bites you.
* * * LOW HITPOINT WARNING * * *
The jackal closely misses you.
Casting: Corona (safe; 6% risk of failure)
Confirm with . or Enter, or press ? or * to list all spells.
Aiming: Corona (safe; 6% risk of failure)
Press: ? - help, Shift-Dir - straight line, f - jackal
Aim: a jackal (severely wounded, chance to affect: 63%)
The jackal is outlined in light.
The jackal bites you but does no damage.
You hit the jackal.
The jackal is almost dead.
The jackal bites you but does no damage. x2
You hit the jackal but do no damage.
The jackal is almost dead.
The jackal closely misses you.
You hit the jackal but do no damage.
The jackal is almost dead.
The jackal bites you but does no damage.
The jackal barely misses you.
You barely miss the jackal.
The jackal is almost dead.
The jackal barely misses you.
The jackal bites you but does no damage.
You barely miss the jackal.
The jackal is almost dead.
The jackal closely misses you.
You hit the jackal but do no damage.
The jackal is almost dead.
The jackal closely misses you. The jackal barely misses you.
You hit the jackal but do no damage.
The jackal is almost dead.
The jackal bites you but does no damage.
You hit the jackal but do no damage.
The jackal is almost dead.
The jackal bites you but does no damage.
The jackal bites you.
You die...

... #.# #.# #.# #.#
### +#.#+ ###
##.#####...#####J##
####........⌠...@hhh.#
......#####...#####..#
.....## +#.#+
##....... .....# #.#
.....## .....# #.#
.....# .....# #.#
.....# .....## #.#
......# ......### ...
......# ........#
......#


You could see an endoplasm and 3 jackals.

Vanquished Creatures
  An adder (D:2)
  A dart slug (D:2)
  6 endoplasms
  A giant cockroach (D:2)
  A goblin (D:1)
  3 hobgoblins
  A jackal (D:3)
  3 quokkas (D:1)
  5 ball pythons
  7 bats
  2 frilled lizards (D:1)
  4 kobolds
  3 rats
38 creatures vanquished.

Notes
Turn   | Place    | Note
-------+----------+-------------------------------------------
     0 | D:1      | st0uf the Gargoyle Enchanter began the quest for the Orb.
     0 | D:1      | Reached XP level 1. HP: 10/10 MP: 3/3
   497 | D:1      | Reached XP level 2. HP: 6/16 MP: 5/5
  1436 | D:1      | Reached skill level 1 in Earth Magic
  1652 | D:2      | Found a faded altar of an unknown god.
  1905 | D:2      | Reached XP level 3. HP: 20/20 MP: 6/6
  2124 | D:2      | Found Mipsuex's Weapon Boutique.
  2897 | D:2      | Reached skill level 1 in Staves
  3106 | D:2      | Reached skill level 1 in Fighting
  3813 | D:3      | HP: 1/20 [jackal (3)]
  3822 | D:3      | Slain by a jackal

Illustrated notes

Levels and vault maps discovered:
D:1:      lemuel_arrival_broad_hall, layout_loops_ring, minmay_tromino_mix6
D:2:      layout_basic, serial_shops, shop, basic_ecumenical_altar,
          chequers_arboretum, chequers_mini_garden, minmay_misc_feat_diagonals
D:3:      layout_basic, grunt_temple_overflow_cloverleaf,
          gup_sewer_entry_bubbles

Skill      XL: |  1  2  3 |
---------------+----------+-----
Earth Magic    | 1 |  1.6
Staves         | 1 |  1.3
Fighting       | 1 |  1.0
Short Blades   | |  0.8
Dodging        | |  1.5
Stealth        | |  3.6
Spellcasting   | |  2.2
Hexes          | |  2.9
Evocations     | |  0.3

Action                   || total
-------------------------++-------
Melee: Dagger            ||    25
       Staff             ||   165
 Cast: Corona            ||     1
 Stab: Sleeping          ||     5
Armor: Robe              ||    71
Dodge: Dodged            ||   109

Table legend: (Time is in decaauts)
 A = Elapsed time spent in this place.
 B = Non-inter-level travel time spent in this place.
 C = Inter-level travel time spent in this place.
 D = Time resting spent in this place.
 E = Time spent auto-exploring this place.
 F = Levels seen in this place.
 G = Mean time per level.
                   A        B        C        D        E       F      G
               +--------+--------+--------+--------+--------+-----+--------+
         Total |   3846 |   3771 |     75 |    526 |   2694 |   3 | 1282.0 |
       Dungeon |   3846 |   3771 |     75 |    526 |   2694 |   3 | 1282.0 |
               +--------+--------+--------+--------+--------+-----+--------+

Top non-repeatable levels by time:
     D:2: 2118 daAuts
     D:1: 1542 daAuts
     D:3: 185 daAuts
